 Dungeon Crawl Stone Soup version 0.19.0-19-g8c6edcc (webtiles) character file.

30571 Monkfish the Unseen (level 13, -6/83 HPs)
             Began as a Kobold Berserker on Nov 14, 2016.
             Was a High Priest of Trog.
             Mangled by a death yak (19 damage)
             ... on level 3 of the Lair of Beasts.
             The game lasted 00:27:38 (13936 turns).

Monkfish the Unseen (Kobold Berserker)             Turns: 13936, Time: 00:27:39

Health: -6/83      AC: 13    Str: 19    XL:     13   Next: 89%
Magic:  22/22      EV: 25    Int: 10    God:    Trog [*****.]
Gold:   965        SH:  9    Dex: 15    Spells: 0 memorised, 12 levels left

rFire  . . .     SeeInvis .     Q - +7 dagger "Any Ircho" {freeze, rElec}
rCold  . . .     Gourm    .     s - +4 ring mail of You Go First {rElec}
rNeg   . . .     Faith    .     B - +0 buckler
rPois  .         Spirit   .     (no helmet)
rElec  +         Reflect  +     S - +0 cloak of the Cooper {*Drain rElec MP+9 Int+2} (curse)
rCorr  .         Harm     .     l - +1 pair of gloves
MR     ++...                    v - +0 pair of boots
Stlth  ++++++....               C - +3 amulet of reflection
                                o - ring of flight
                                i - +5 ring of evasion

@: exhausted, regenerating, slowed, very slow
A: carnivore 3
a: Berserk, Trog's Hand, Brothers in Arms, Burn Spellbooks, Renounce Religion,
Evoke Flight


You were on level 3 of the Lair of Beasts.
You worshipped Trog.
Trog was extremely pleased with you.
You were full.

You visited 2 branches of the dungeon, and saw 15 of its levels.
You also visited: Ice Cave.

You collected 965 gold pieces.

Inventory:

Hand Weapons
 x - a +7 dagger of speed
 H - a +2 dagger of holy wrath
 J - a +1 vampiric dagger
 Q - the +7 dagger "Any Ircho" (weapon) {freeze, rElec}
   (You found it on level 5 of the Dungeon)

   It has been specially enchanted to freeze those struck by it, causing extra
   injury to most foes and up to half again as much damage against particularly
   susceptible opponents.
   It can also slow down cold-blooded creatures.
   It insulates you from electricity.
Armour
 l - a +1 pair of gloves (worn)
 s - the +4 ring mail of You Go First (worn) {rElec}
   (You found it on level 6 of the Dungeon)

   It insulates you from electricity.
 v - a +0 pair of boots (worn)
 z - a +1 leather armour of fire resistance
 B - a +0 buckler (worn)
 K - a +1 cloak
 S - the cursed +0 cloak of the Cooper (worn) {*Drain rElec MP+9 Int+2}
   (You found it on level 2 of the Lair of Beasts)

   It affects your intelligence (+2).
   It insulates you from electricity.
   It affects your magic capacity (+9).
   It causes draining when unequipped.
   It has a curse placed upon it.
Jewellery
 i - a +5 ring of evasion (left hand)
 o - a ring of flight (right hand)
 t - an uncursed ring of protection from cold
 C - a +3 amulet of reflection (around neck)
 U - an uncursed ring of resist corrosion
 V - an uncursed ring of positive energy
Wands
 d - a wand of slowing (24/48)
 n - a wand of disintegration (15/24)
 w - a wand of lightning (3/15)
 y - a wand of enslavement (16/24)
 A - a wand of paralysis (14/24)
 E - a wand of lightning (4/15)
 G - a wand of digging (14/24)
 I - a wand of digging (11/24)
 L - a wand of random effects (22/48)
 M - a wand of disintegration (13/24)
Scrolls
 a - 3 scrolls of recharging
 e - 4 scrolls of teleportation
 g - 3 scrolls of fear
 h - 4 scrolls of remove curse
 r - 2 scrolls of fog
 N - 4 scrolls of identify
 R - a scroll of enchant weapon
 T - a scroll of magic mapping
Potions
 b - 3 potions of cancellation
 j - 3 potions of might
 k - 3 potions of curing
 p - 3 potions of haste
 D - 2 potions of agility
 W - a potion of flight
Miscellaneous
 F - a fan of gales
 O - a lamp of fire
 P - a box of beasts
Comestibles
 c - 8 meat rations
 f - 7 beef jerkies
 m - 9 royal jellies
 u - 2 slices of pizza


   Skills:
 + Level 10.6 Fighting
 + Level 14.8 Short Blades
 - Level 1.8 Armour
 + Level 10.6 Dodging
 * Level 18.2 Stealth
 * Level 4.4 Shields


You had 12 spell levels left.
You didn't know any spells.

Dungeon Overview and Level Annotations

Branches:
Dungeon (12/15)            Temple (0/1) D:5            Lair (3/6) D:11
 Shoals (0/4) Lair:2        Snake (0/4) Lair:2
    Orc: D:9-12

Altars:
Ashenzari
Cheibriados
Fedhas
Gozag
Hepliaklqana
Makhleb
Sif Muna
Trog
Xom
The Shining One

Portals:
Trove: D:11 (show abyssal rune of Zot)


Innate Abilities, Weirdness & Mutations

You are small and have problems with some larger weapons.
You are carnivorous and can eat meat at any time.


Message History

You barely miss the death yak.
The death yak is lightly wounded.
The death yak gores you!!
* * * LOW HITPOINT WARNING * * *
You hit the death yak but do no damage.
The death yak is lightly wounded.
The death yak closely misses you.
You hit the death yak. You freeze the death yak.
The death yak is lightly wounded.
The death yak gores you.
* * * LOW HITPOINT WARNING * * *
You hit the death yak. You freeze the death yak.
The death yak is lightly wounded.
You puncture the death yak! You freeze the death yak.
The death yak is moderately wounded.
The death yak misses you.
You hit the death yak but do no damage.
The death yak is moderately wounded.
The death yak gores you!!
You die...

..............(.....# .......
......tY....#...##.#.. #.....
......#.P.#........## #.....
......#...#.........# #.....
........#.......P#.>#
#####.P...
..Y...#.#...#....#..#
......P...
.Y......#.....#....##
#####.....
..........#....#Y###
#.†.#..... ..........#...##@#
#.#..... #...#...P.....##.#
##...... Y...P...#.#.#..#.#
##.P.#. ..P.P.......#.##.#
#≈# #.#...#. . ........#.#
#≈≈ #.#!.... ...........#.##
#.# #.#.....
..#.#......#.##≈#_#≈##.#...#.
<.......P..#.# ≈#.#≈##.#...P.
..P...P.#..#.# ≈≈#≈##.#.....


You could see a death yak.

Vanquished Creatures
  Erolcha (D:9)
  The ghost of goblinboy the Cleaver, a journeyman MiBe of Trog (D:11)
  A hydra (Lair:2)
  5 death yaks (Lair:3)
  An unseen horror (D:10)
  3 ugly things
  4 elephants (Lair:3)
  A siren (Lair:2)
  Joseph (D:8)
  2 ice statues (IceCv)
  A black mamba (Lair:1)
  A torpor snail (Lair:3)
  4 spiny frogs
  2 rime drakes (Lair:1)
  5 komodo dragons
  A queen bee (D:11)
  3 merfolk (Lair:2)
  A two-headed ogre (D:10)
  12 blink frogs
  5 hippogriffs
  A vampire (D:11)
  A shadow (D:11)
  23 yaks
  2 basilisks (Lair:2)
  A wyvern (Lair:3)
  The ghost of Leybi the Charmwright, an amateur MfSk (D:4)
  2 hungry ghosts
  A steam dragon (D:11)
  A naga (Lair:2)
  5 water moccasins
  10 porcupines
  10 ice beasts
  5 orc warriors
  2 sky beasts
  3 phantoms
  6 wolves (Lair:1)
  5 centaurs
  6 ogres
  4 crocodiles
  A big kobold (D:7)
  8 bullfrogs
  A gnoll sergeant (D:7)
  3 scorpions
  2 wights
  14 killer bees (D:11)
  4 howler monkeys
  2 centaur zombies
  3 crimson imps
  5 jellies
  4 bullfrog skeletons
  2 gnoll shamans (D:7)
  6 hounds (D:7)
  8 orc priests
  6 iguanas
  7 orc wizards
  10 worker ants
  Natasha (D:2)
  2 worker ant zombies
  A howler monkey skeleton (D:4)
  14 gnolls
  13 adders
  7 shadow imps
  6 worms
  An adder skeleton (D:7)
  3 adder zombies
  A dart slug (D:2)
  4 leopard geckos
  36 orcs
  9 bats
  5 giant cockroaches
  10 goblins
  15 hobgoblins
  6 jackals
  7 quokkas
  A ball python (D:1)
  5 frilled lizards
  A jackal skeleton (D:8)
  10 kobolds
  A leopard gecko zombie (D:6)
  A quokka skeleton (D:8)
  6 rats
396 creatures vanquished.

Vanquished Creatures (collateral kills)
  An elephant (Lair:3)
1 creature vanquished.

Vanquished Creatures (others)
  A fungus (Lair:2)
  A plant (Lair:2)
2 creatures vanquished.

Grand Total: 399 creatures vanquished

Notes
Turn   | Place    | Note
-------+----------+-------------------------------------------
     0 | D:1      | Monkfish the Kobold Berserker began the quest for the Orb.
     0 | D:1      | Reached XP level 1. HP: 14/14 MP: 1/1
   102 | D:1      | Reached XP level 2. HP: 19/19 MP: 2/2
   481 | D:1      | Reached XP level 3. HP: 19/23 MP: 3/3
   727 | D:1      | Reached ** piety under Trog
  1024 | D:2      | Found a burning altar of Makhleb.
  1088 | D:2      | Reached skill level 5 in Short Blades
  1088 | D:2      | Reached XP level 4. HP: 17/29 MP: 4/4
  1186 | D:2      | Noticed Natasha
  1194 | D:2      | Killed Natasha
  1194 | D:2      | Reached XP level 5. HP: 16/33 MP: 5/5
  1640 | D:3      | Reached skill level 1 in Stealth
  1748 | D:3      | Reached XP level 6. HP: 38/38 MP: 6/6
  2029 | D:4      | Noticed a phantom
  2040 | D:4      | Noticed Leybi's ghost (amateur MfSk)
  2041 | D:4      | Killed a phantom
  2041 | D:4      | Reached skill level 2 in Stealth
  2062 | D:4      | Killed Leybi's ghost
  2062 | D:4      | Reached skill level 3 in Stealth
  2062 | D:4      | Reached XP level 7. HP: 31/44 MP: 7/7
  2095 | D:4      | Reached *** piety under Trog
  2681 | D:4      | Found a shattered altar of Ashenzari.
  2681 | D:4      | Found a hazy altar of Hepliaklqana.
  2720 | D:5      | Entered Level 5 of the Dungeon
  2720 | D:5      | Found a staircase to the Ecumenical Temple.
  2740 | D:5      | Reached skill level 5 in Fighting
  2924 | D:5      | Reached XP level 8. HP: 44/49 MP: 8/8
  3643 | D:5      | Reached skill level 5 in Dodging
  3861 | D:5      | Reached skill level 4 in Stealth
  4144 | D:6      | Got a twisted ring mail
  4155 | D:6      | Identified the +4 ring mail of You Go First {rElec} (You found it on level 6 of the Dungeon)
  4437 | D:6      | Reached skill level 10 in Short Blades
  4489 | D:6      | Reached skill level 5 in Stealth
  4489 | D:6      | Reached XP level 9. HP: 50/55 MP: 9/9
  4671 | D:6      | Reached **** piety under Trog
  4832 | D:6      | Gained mutation: You have large cloven feet. [potion of beneficial mutation]
  4834 | D:6      | Gained mutation: Armour fits poorly on your strangely shaped body. [potion of mutation]
  4834 | D:6      | Gained mutation: Your spells are a little easier to cast, but a little less powerful. [potion of mutation]
  4834 | D:6      | Gained mutation: You are robust. (+10% HP) [potion of mutation]
  4981 | D:7      | Reached skill level 6 in Stealth
  5494 | D:7      | Reached skill level 7 in Stealth
  5606 | D:7      | Reached ***** piety under Trog
  5643 | D:7      | Reached skill level 8 in Stealth
  6335 | D:8      | Reached XP level 10. HP: 67/67 MP: 10/10
  6347 | D:8      | Lost mutation: Armour fits poorly on your strangely shaped body. [potion of cure mutation]
  6347 | D:8      | Lost mutation: You have large cloven feet. [potion of cure mutation]
  6347 | D:8      | Lost mutation: Your spells are a little easier to cast, but a little less powerful. [potion of cure mutation]
  6347 | D:8      | Lost mutation: You are robust. (+10% HP) [potion of cure mutation]
  6471 | D:8      | Found a bloodstained altar of Trog.
  6471 | D:8      | Found an opulent altar of Gozag.
  6485 | D:8      | Found a glowing golden altar of the Shining One.
  6485 | D:8      | Found a blossoming altar of Fedhas.
  7235 | D:8      | Reached skill level 9 in Stealth
  7469 | D:8      | Noticed Joseph
  7494 | D:8      | Killed Joseph
  7547 | D:9      | Noticed Erolcha
  7559 | D:9      | Killed Erolcha
  7559 | D:9      | Reached skill level 10 in Stealth
  7892 | D:9      | HP: 2/63 [poisoned by an orc warrior]
  8236 | D:9      | Reached skill level 11 in Stealth
  8269 | D:10     | Entered Level 10 of the Dungeon
  8555 | D:10     | Reached XP level 11. HP: 51/68 MP: 11/11
  8783 | D:10     | Killed an unseen horror
  8789 | D:10     | Reached skill level 12 in Stealth
  8795 | D:10     | Received a gift from Trog
  9309 | D:11     | Found a shimmering altar of Xom.
  9310 | D:11     | Found a shimmering altar of Xom.
  9310 | D:11     | Found a shimmering altar of Xom.
  9311 | D:11     | Found a shimmering altar of Xom.
  9849 | D:11     | Noticed goblinboy's ghost (journeyman MiBe)
  9913 | D:11     | Killed goblinboy's ghost
  9913 | D:11     | Reached skill level 13 in Stealth
  9913 | D:11     | Reached skill level 1 in Shields
 10002 | D:11     | Found a staircase to the Lair.
 10204 | D:11     | Found a portal to a secret trove of treasure.
 10280 | D:11     | Reached XP level 12. HP: 76/76 MP: 12/12
 10375 | D:11     | Found a deep blue altar of Sif Muna.
 10695 | Lair:1   | Entered Level 1 of the Lair of Beasts
 10771 | Lair:1   | Reached skill level 14 in Stealth
 11258 | Lair:1   | Found a frozen archway.
 11299 | IceCv    | Entered an ice cave
 11305 | IceCv    | Reached skill level 15 in Stealth
 11565 | Lair:1   | Reached skill level 10 in Fighting
 11782 | Lair:1   | Reached skill level 10 in Dodging
 12064 | D:11     | Reached skill level 16 in Stealth
 12285 | D:5      | Got a faintly glowing dagger
 12286 | D:5      | Identified the +7 dagger "Any Ircho" {freeze, rElec} (You found it on level 5 of the Dungeon)
 12548 | Lair:3   | Found a snail-covered altar of Cheibriados.
 12570 | Lair:2   | Found a staircase to the Snake Pit.
 12635 | Lair:2   | Reached XP level 13. HP: 82/82 MP: 13/13
 12758 | Lair:2   | Got a dazzling cloak
 12878 | Lair:2   | Noticed a four-headed hydra
 12881 | Lair:2   | Killed a four-headed hydra
 12971 | Lair:2   | Found a staircase to the Shoals.
 12987 | Lair:2   | Reached skill level 17 in Stealth
 13416 | Lair:2   | Identified the cursed +0 cloak of the Cooper {*Drain rElec MP+9 Int+2} (You found it on level 2 of the Lair of Beasts)
 13757 | Lair:3   | Found a snail-covered altar of Cheibriados.
 13868 | Lair:3   | Reached skill level 18 in Stealth
 13936 | Lair:3   | Mangled by a death yak

Skill      XL: |  1  2  3  4  5  6  7  8  9 10 11 12 13 |
---------------+----------------------------------------+-----
Short Blades   | 5 6 7 8 10 11 12 13 14 | 14.8
Dodging        | 3 4 5 7 8 9 10 | 10.6
Fighting       | 4 5 6 7 9 10 | 10.6
Stealth        | 1 3 5 8 11 13 16 18 | 18.2
Shields        | 1 2 4 |  4.4
Armour         | |  1.8

Action                   |  1- 3 |  4- 6 |  7- 9 | 10-12 | 13-15 || total
-------------------------+-------+-------+-------+-------+-------++-------
Melee: Short sword       |   118 |   128 |   624 |   309 |       ||  1179
       Kick              |       |       |    84 |       |       ||    84
       Dagger            |       |       |       |   862 |   315 ||  1177
Invok: Berserk           |     3 |     4 |     8 |    14 |     4 ||    33
       Trog's Hand       |       |     2 |     5 |    14 |     5 ||    26
       Burn Spellbooks   |       |       |     2 |     1 |       ||     3
       Brothers in Arms  |       |       |       |       |     1 ||     1
  Use: Potion            |     1 |     1 |     6 |     5 |     3 ||    16
       Scroll            |     7 |     4 |     8 |    12 |     5 ||    36
 Stab: Sleeping          |     1 |     3 |    15 |    32 |     8 ||    59
       Distracted        |       |       |       |     2 |       ||     2
       Invisible         |       |       |       |     4 |       ||     4
  Eat: Chunk             |     8 |     2 |    26 |    36 |     6 ||    78
       Meat ration       |       |       |     1 |       |     1 ||     2
Armor: Animal skin       |    21 |    17 |       |       |       ||    38
       Leather armour    |       |       |     7 |       |       ||     7
       Ring mail         |       |       |    44 |    88 |    27 ||   159
Dodge: Dodged            |    88 |   111 |   366 |   491 |   107 ||  1163
Block: Other             |       |       |       |    37 |       ||    37
       Buckler           |       |       |       |       |    73 ||    73
